Map: 2000 Atmospheres LE

Players

PtitDrogo - Winner!

  • Race: Protoss Protoss
  • League: Grandmaster

GunGFuBanDa

  • Race: Protoss Protoss
  • League: Grandmaster

Event: DreamHack SC2 Masters 2021 Summer

VOD

Have the link to the VOD?

Description

Time

  • Played on: May 22, 2021, 12:05 p.m.
  • Length: 11:12

All games in this series

Show
View Real Time Build Order
Export as new Build Order

PtitDrogo Protoss - Winner!

Build Orders: Phoenix Opening 

Get SALT Encoding   

  12  0:00  Probe  
  13  0:12  Probe  
  14  0:17  Pylon  
  14  0:24  Probe  
  15  0:35  Gateway  
  15  0:37  Probe (Chrono Boost)  
  16  0:46  Probe (Chrono Boost), Assimilator  
  17  0:51  Probe (Chrono Boost)  
  17  0:56  Assimilator  
  18  1:03  Probe (Chrono Boost)  
  19  1:08  Gateway  
  19  1:13  Probe (Chrono Boost)  
  19  1:17  Probe (Chrono Boost)  
  20  1:24  Cybernetics Core  
  21  1:31  Probe  
  22  1:34  Pylon  
  22  1:43  Probe  
  23  1:58  Probe  
  24  2:01  Stalker x2  
  24  2:02  Warp Gate  
  28  2:12  Pylon  
  28  2:21  Pylon  
  28  2:23  Shield Battery  
  28  2:32  Sentry  
  28  2:36  Probe  
  31  2:46  Nexus  
  31  2:47  Sentry  
  31  2:50  Probe (Chrono Boost)  
  34  2:56  Shield Battery  
  34  3:00  Probe (Chrono Boost)  
  35  3:06  Phoenix, Pylon  
  35  3:08  Probe  
  35  3:12  Sentry  
  38  3:20  Probe (Chrono Boost)  
  39  3:27  Twilight Council  
  39  3:31  Probe (Chrono Boost)  
  40  3:35  Probe (Chrono Boost)  
  40  3:37  Phoenix  
  41  3:41  Forge  
  41  3:48  Probe (Chrono Boost)  
  42  3:59  Probe (Chrono Boost)  
  44  4:06  Probe (Chrono Boost)  
  44  4:07  Blink  
  44  4:08  Probe (Chrono Boost)  
  45  4:13  Probe (Chrono Boost), Protoss Ground Weapons Level 1  
  47  4:17  Probe (Chrono Boost)  
  47  4:20  Phoenix  
  48  4:24  Probe (Chrono Boost)  
  48  4:29  Probe x2 (Chrono Boost), Nexus  
  50  4:37  Robotics Facility  
  50  4:38  Probe  
  51  4:40  Probe  
  51  4:42  Assimilator  
  52  4:50  Probe  
  52  4:52  Pylon  
  53  4:57  Gateway  
  53  4:58  Gateway  
  53  4:59  Probe  
  54  5:03  Probe  
  55  5:10  Stalker  
  55  5:11  Probe, Stalker  
  60  5:15  Probe (Chrono Boost)  
  60  5:18  Shield Battery  
  61  5:24  Probe (Chrono Boost)  
  61  5:26  Observer  
  61  5:27  Probe (Chrono Boost), Pylon  
  64  5:33  Probe (Chrono Boost)  
  64  5:35  Probe (Chrono Boost)  
  66  5:41  Probe (Chrono Boost)  
  66  5:42  Probe (Chrono Boost)  
  68  5:44  Stalker  
  68  5:47  Probe (Chrono Boost), Immortal (Chrono Boost)  
  68  5:49  Stalker  
  77  5:53  Probe (Chrono Boost)  
  77  5:54  Shield Battery  
  77  5:55  Stalker  
  80  6:02  Stalker  
  82  6:04  Shield Battery  
  82  6:05  Pylon  
  82  6:08  Pylon  
  83  6:19  Stalker x2  
  83  6:21  Immortal (Chrono Boost), Stalker  
  91  6:30  Gateway  
  91  6:31  Gateway  
  91  6:37  Stalker  
  91  6:44  Stalker x3  
  91  6:46  Probe  
  86  6:50  Probe x2  
  84  6:56  Warp Prism  
  84  6:58  Probe  
  84  7:01  Protoss Ground Weapons Level 2 (Chrono Boost), Gateway x2  
  87  7:05  Gateway  
  87  7:07  Stalker x2  
  91  7:13  Stalker  
  93  7:19  Stalker  
  95  7:23  Pylon  
  95  7:24  Pylon  
  95  7:29  Observer, Stalker x2  
  99  7:31  Zealot x2  
  99  7:32  Assimilator  
  103  7:39  Stalker  
  103  7:41  Pylon  
  103  7:44  Zealot  
  107  7:46  Charge  
  107  7:47  Pylon  
  107  7:55  Stalker x3  
  113  7:59  Zealot x4  
  113  8:04  Pylon  
  121  8:15  Zealot x2  
  121  8:18  Stalker x3  
  131  8:20  Zealot x3  
  123  8:37  Zealot x3  
  127  8:43  Zealot x2, Stalker x2  
  127  8:53  Nexus  
  127  9:04  Pylon  
  127  9:07  Sentry  
  129  9:10  Templar Archives  
  129  9:11  Zealot  
  129  9:12  Zealot x4  
  137  9:31  Zealot x4  
  137  9:33  Pylon  
  137  9:34  Pylon  
  137  9:37  Gateway  
  145  9:47  High Templar x2, Zealot x2  
  145  9:48  Zealot  
  145  9:50  Shield Battery  
  145  9:51  Archon  
  153  9:58  Warp Prism (Chrono Boost)  
  141  10:09  High Templar x2, Zealot  
  141  10:10  Zealot x2  
  151  10:16  Archon  
  151  10:17  Zealot x2  
  137  10:45  Stalker x8  
  137  10:46  Zealot x2  
  111  11:06  Zealot x2  
  111  11:08  Zealot x8  
Show
View Real Time Build Order
Export as new Build Order

GunGFuBanDa Protoss 

Build Orders:  

Get SALT Encoding   

  12  0:00  Probe  
  13  0:12  Probe  
  14  0:18  Pylon  
  14  0:24  Probe (Chrono Boost)  
  15  0:37  Probe (Chrono Boost), Gateway  
  16  0:44  Probe (Chrono Boost)  
  16  0:45  Assimilator  
  17  0:51  Probe  
  17  0:53  Assimilator  
  18  1:03  Probe (Chrono Boost)  
  19  1:07  Gateway  
  19  1:13  Probe (Chrono Boost)  
  19  1:18  Probe (Chrono Boost)  
  20  1:25  Cybernetics Core  
  21  1:29  Probe  
  22  1:34  Pylon  
  22  1:41  Probe  
  23  1:53  Probe  
  24  2:01  Stalker  
  24  2:02  Sentry, Warp Gate  
  24  2:05  Probe  
  29  2:12  Pylon  
  29  2:19  Probe  
  30  2:28  Pylon  
  30  2:42  Nexus  
  30  2:45  Stalker  
  30  2:49  Sentry  
  30  2:51  Probe  
  35  2:58  Shield Battery  
  35  3:03  Probe  
  36  3:10  Twilight Council  
  36  3:15  Probe (Chrono Boost)  
  36  3:19  Pylon  
  37  3:27  Probe (Chrono Boost)  
  37  3:32  Forge  
  38  3:36  Probe (Chrono Boost)  
  39  3:41  Probe  
  40  3:51  Stalker, Sentry  
  40  3:54  Probe (Chrono Boost)  
  45  3:55  Probe (Chrono Boost)  
  46  4:04  Probe (Chrono Boost)  
  46  4:05  Blink  
  46  4:07  Probe (Chrono Boost)  
  46  4:08  Protoss Ground Weapons Level 1 (Chrono Boost)  
  46  4:09  Probe (Chrono Boost)  
  48  4:15  Probe (Chrono Boost)  
  51  4:24  Robotics Facility  
  51  4:26  Probe (Chrono Boost)  
  51  4:27  Probe (Chrono Boost)  
  52  4:32  Probe (Chrono Boost)  
  52  4:33  Probe (Chrono Boost)  
  54  4:42  Probe, Nexus  
  54  4:45  Probe  
  56  4:48  Assimilator  
  56  4:55  Gateway, Pylon  
  56  4:57  Probe  
  58  5:00  Probe  
  58  5:06  Gateway  
  58  5:09  Probe  
  58  5:11  Gateway  
  59  5:14  Observer (Chrono Boost)  
  59  5:17  Stalker, Sentry  
  64  5:21  Gateway  
  64  5:32  Warp Prism (Chrono Boost)  
  64  5:35  Probe x2  
  68  5:39  Pylon  
  68  5:41  Stalker  
  70  5:54  Probe x2, Stalker x2  
  70  5:55  Probe  
  77  6:02  Stalker  
  79  6:04  Stalker  
  79  6:06  Probe  
  79  6:09  Probe x2  
  84  6:17  Pylon x2  
  84  6:23  Stalker x3  
  84  6:24  Stalker  
  90  6:44  Probe (Chrono Boost)  
  83  6:47  Immortal (Chrono Boost)  
  83  6:49  Probe x2 (Chrono Boost)  
  77  6:56  Probe (Chrono Boost), Stalker  
  77  6:57  Stalker x5  
  77  6:59  Charge (Chrono Boost), Shield Battery  
  77  7:00  Probe x2 (Chrono Boost)  
  92  7:04  Protoss Ground Weapons Level 2 (Chrono Boost)  
  92  7:07  Pylon  
  92  7:09  Gateway  
  92  7:11  Assimilator  
  92  7:13  Gateway  
  92  7:21  Observer  
  94  7:29  Probe  
  89  7:32  Photon Cannon  
  89  7:34  Zealot x6  
  101  7:39  Immortal  
  105  7:46  Nexus  
  105  7:48  Pylon  
  105  7:56  Sentry  
  105  7:57  Zealot x4  
  115  8:03  Zealot  
  116  8:07  Probe, Shield Battery  
  116  8:08  Photon Cannon  
  117  8:19  Pylon  
  117  8:20  Pylon  
  117  8:22  Pylon  
  113  8:27  Zealot x2  
  113  8:32  Zealot x3  
  116  8:37  Warp Prism, Robotics Bay  
  115  8:49  Zealot x5  
  115  8:54  Assimilator  
  125  9:05  Photon Cannon  
  125  9:10  Nexus  
  125  9:11  Shield Battery  
  125  9:12  Pylon  
  125  9:14  Observer (Chrono Boost)  
  126  9:25  Probe  
  126  9:27  Probe  
  126  9:30  Shield Battery  
  126  9:31  Probe, Disruptor (Chrono Boost)  
  129  9:38  Probe, Shield Battery  
  133  9:39  Probe  
  133  9:43  Probe  
  133  9:44  Templar Archives  
  135  9:47  Photon Cannon  
  135  9:49  Pylon  
  135  9:50  Probe  
  136  9:53  Stalker x5  
  136  9:58  Disruptor (Chrono Boost)  
  146  10:04  Probe x2, Robotics Facility  
  149  10:10  Probe  
  149  10:11  Photon Cannon  
  149  10:13  Pylon  
  150  10:16  Probe x2, Dark Shrine  
  151  10:27  Disruptor  
  138  10:37  Zealot x7  
  137  10:49  Zealot  
  110  10:59  Zealot x2  
  110  11:00  Zealot x3  
Tags
 
Add a new tag
Caveats
  • Supply blocks, unpowered buildings, or Contaminate may cause inaccurate times.
  • Supply counts are checked every 10 seconds.